 Dungeon Crawl Stone Soup version 0.26.1-2-gb8aa6d0cf2 (webtiles) character file.

Game seed: 7651531735516018448

693 Groucho the Covert (level 7, -4/32 HPs)
             Began as a Spriggan Enchanter on Mar 8, 2021.
             Was an Initiate of Kikubaaqudgha.
             Slain by an orc warrior
             ... wielding a +0 war axe
              (20 damage)
             ... on level 6 of the Dungeon on Mar 9, 2021.
             The game lasted 00:20:41 (12052 turns).

Groucho the Covert (Spriggan Enchanter)            Turns: 12052, Time: 00:20:42

Health: -4/32      AC:  2    Str:  6    XL:     7   Next: 37%
Magic:  9/15       EV: 18    Int: 16    God:    Kikubaaqudgha [......]
Gold:   414        SH:  0    Dex: 17    Spells: 10/16 levels left

rFire    . . .     SeeInvis +   a - +1 dagger
rCold    . . .     Faith    .   (shield restricted)
rNeg     . . .     Spirit   .   b - +0 robe
rPois    .         Reflect  .   (helmet restricted)
rElec    .         Harm     .   z - scarf {+Inv}
rCorr    .         Rampage  .   (gloves unavailable)
Will     +....                  (boots unavailable)
Stlth    +++++.....             (no amulet)
HPRegen  0.10/turn              (no ring)
MPRegen  0.14/turn              (no ring)

@: confusing touch, very quick
A: very small, unfitting armour, see invisible, speed 3
a: Renounce Religion, Evoke Invisibility


You were on level 6 of the Dungeon.
You worshipped Kikubaaqudgha.
Kikubaaqudgha was noncommittal.
You visited 2 branches of the dungeon, and saw 7 of its levels.

You collected 414 gold pieces.

Inventory:

Hand Weapons
 a - a +1 dagger (weapon)
Missiles
 k - 178 stones
 p - 3 poisoned darts (quivered)
Armour
 b - a +0 robe (worn)
 z - a scarf of invisibility (worn)
Jewellery
 c - an uncursed ring of protection from cold {unknown}
 j - an uncursed ring of willpower {unknown}
 m - an uncursed ring of resist corrosion
 y - a cursed ring of teleportation {unknown}
 C - a +4 ring of protection {unknown}
 D - an uncursed ring of stealth {unknown}
Wands
 E - a wand of disintegration (6)
 F - a wand of paralysis (9)
Scrolls
 d - 3 scrolls of remove curse
 e - a scroll of blinking
 f - 4 scrolls of teleportation
 h - a scroll of identify {unknown}
 i - a scroll of magic mapping {unknown}
 l - a scroll of random uselessness {unknown}
 r - a scroll of amnesia
 s - 2 scrolls of immolation {unknown}
 u - a scroll of enchant weapon {unknown}
 v - a scroll of noise {unknown}
 w - a scroll of enchant armour {unknown}
 x - a scroll of fear {unknown}
Potions
 g - a potion of heal wounds {unknown}
 n - 5 potions of brilliance
 o - a potion of curing
 q - a potion of might {unknown}
 t - 2 potions of lignification
 A - a potion of haste
 B - a potion of resistance {unknown}


   Skills:
 - Level 1.1 Short Blades
 - Level 3.0 Dodging
 + Level 10.3 Stealth
 + Level 5.1 Spellcasting
 + Level 5.7 Hexes
 + Level 1.5 Evocations


You had 10 spell levels left.
You knew the following spells:

 Your Spells              Type           Power        Failure   Level
a - Corona                Hex            24%          1%          1
b - Ensorcelled Hibernat  Hex/Ice        26%          7%          2
c - Confusing Touch       Hex            22%          4%          3

Your spell library contained the following spells:

 Spells                   Type           Power        Failure   Level
 Tukima's Dance           Hex            22%          4%          3
 Dazzling Flash           Conj/Hex       26%          14%         3


Dungeon Overview and Level Annotations

Branches:
Dungeon (6/15)             Temple (1/1) D:5

Altars:
Ashenzari
Dithmenos
Elyvilon
Gozag
Hepliaklqana
Kikubaaqudgha
Makhleb
Nemelex Xobeh
Okawaru
Qazlal
Sif Muna
Trog
Uskayaw
Vehumet
Wu Jian
Xom
Yredelemnul
Zin
The Shining One

Shops:
D:6 *

Annotations:
D:5 Eustachio


Innate Abilities, Weirdness & Mutations

You are very small and have problems with some larger weapons.
You are too small for most types of armour.
You have supernaturally acute eyesight. (SInv)
You cover ground extremely quickly.


Message History

Things that are here:
a +0 whip; an orc corpse
Things that are here:
a +0 whip; an orc corpse
Casting: Ensorcelled Hibernation (safe; 7% risk of failure)
Confirm with . or Enter, or press ? or * to list all spells.
Your hands begin to glow red.
You completely miss the orc warrior.
The orc warrior is heavily wounded.
The orc warrior hits you with a +0 war axe!
Ouch! That really hurt!
You hit the orc warrior but do no damage.
The orc warrior is heavily wounded.
The orc warrior completely misses you.
You closely miss the orc warrior.
The orc warrior is heavily wounded.
The orc warrior hits you with a +0 war axe!!
Ouch! That really hurt!
You die...
Kikubaaqudgha rasps: "You have failed me!
Welcome... death!"

..............................
.........#...................#
.........#....................
..#...........................
..#...#..##........###..#...#
...............)....)........ .
....#.#...##.####.......#####.o.
....'.........###.......#......(
....#.#......ooo@((..(((..o((..(
............≈≈≈≈≈≈≈##.#.#.(.....
......#..≈≈≈≈.....≈##.#.#.......
.........≈....⌠.⌠.≈#....+.......
..........._...∩..≈#..#.#.....#.
........(≈....⌠.⌠.≈#..#.#.....#
#.....#((≈≈≈≈.....≈...#.#.....#
#.....#..(((≈≈≈≈≈≈≈......###...
........##+#..........


You could see an orc warrior (very poisoned) and 2 orcs.

Vanquished Creatures
  Grinder (D:4)
  An ogre (D:4)
  A bullfrog (D:4)
  A jelly (D:6)
  An iguana (D:4)
  Natasha (thrice) (D:4)
  2 worker ants
  6 adders
  2 white imps (D:5)
  An ufetubus (D:6)
  2 oozes
  2 worms (D:2)
  3 dart slugs
  A leopard gecko (D:5)
  4 orcs (D:6)
  4 giant cockroaches
  4 goblins
  8 hobgoblins
  2 jackals
  12 kobolds
  2 quokkas
  7 bats
  6 frilled lizards
  A jackal skeleton (D:6)
  7 rats
84 creatures vanquished.

Vanquished Creatures (others)
  7 plants (D:2)
7 creatures vanquished.

Grand Total: 91 creatures vanquished

Notes
Turn   | Place    | Note
-------+----------+-------------------------------------------
     0 | D:1      | Groucho the Spriggan Enchanter began the quest for the Orb.
     0 | D:1      | Reached XP level 1. HP: 9/9 MP: 5/5
   470 | D:1      | Reached skill level 5 in Stealth
   936 | D:1      | Reached XP level 2. HP: 13/13 MP: 6/6
   944 | D:1      | Learned a level 2 spell: Ensorcelled Hibernation
  1929 | D:1      | Reached skill level 6 in Stealth
  2652 | D:2      | Reached XP level 3. HP: 16/16 MP: 8/8
  2787 | D:2      | Reached skill level 7 in Stealth
  3357 | D:1      | Learned a level 3 spell: Confusing Touch
  4357 | D:1      | Reached XP level 4. HP: 21/21 MP: 6/9
  5754 | D:2      | Reached skill level 8 in Stealth
  6738 | D:2      | Found a sparkling altar of Nemelex Xobeh.
  7612 | D:3      | Found a stormy altar of Qazlal.
  8142 | D:3      | Reached XP level 5. HP: 24/24 MP: 7/10
  8287 | D:3      | Found a glowing silver altar of Zin.
  8444 | D:4      | Reached skill level 9 in Stealth
  8778 | D:4      | Noticed Natasha
  8791 | D:4      | Killed Natasha
  9085 | D:4      | Noticed Grinder
  9096 | D:4      | Killed Grinder
  9097 | D:4      | Reached skill level 5 in Hexes
  9097 | D:4      | Reached XP level 6. HP: 28/28 MP: 8/13
  9106 | D:4      | Noticed Natasha
  9112 | D:4      | Killed Natasha
  9447 | D:4      | Reached skill level 10 in Stealth
  9447 | D:4      | Reached XP level 7. HP: 32/32 MP: 13/15
 10163 | D:4      | Noticed Natasha
 10186 | D:4      | Killed Natasha
 10831 | D:5      | Entered Level 5 of the Dungeon
 10832 | D:5      | Noticed Eustachio
 10925 | D:5      | Found a staircase to the Ecumenical Temple.
 10930 | Temple   | Entered the Ecumenical Temple
 10935 | Temple   | Became a worshipper of Kikubaaqudgha
 11027 | D:5      | Reached skill level 5 in Spellcasting
 11027 | D:5      | Reached skill level 1 in Evocations
 11728 | D:6      | Found a white marble altar of Elyvilon.
 11746 | D:6      | Found a shadowy altar of Dithmenos.
 11749 | D:6      | Found a burning altar of Makhleb.
 11768 | D:6      | Found a hide-covered altar of Uskayaw.
 11782 | D:6      | Found an opulent altar of Gozag.
 11819 | D:6      | Found Gozag's Platinum Reserve.
 12052 | D:6      | Slain by an orc warrior

Illustrated notes

Levels and vault maps discovered:
D:1:      lemuel_arrival_cross, layout_basic, chequers_big_river
D:2:      layout_loops_cross, lemuel_crystal_altar, serial_bayou_lagoon_b
D:3:      layout_basic, grunt_qazlal_clouds, zin_scriptorium
D:4:      layout_layer_cave, serial_glass, glass_columns_c, glass_columns_b,
          uniq_natasha, uniq_grinder
D:5:      layout_loops_ring, temple_doors_cd, uniq_eustachio
D:6:      layout_basic, nicolae_gozag_zags_fifth_avenue, lemuel_doored_altar,
          grunt_temple_overflow_cloverleaf
Temple:   minmay_freezing_vapour_temple

Skill      XL: |  1  2  3  4  5  6  7 |
---------------+----------------------+-----
Stealth        | 5 6 7 8 9 10 | 10.3
Spellcasting   | 4 5 |  5.1
Hexes          | 5 |  5.7
Evocations     | 1 |  1.5
Short Blades   | |  1.1
Dodging        | |  3.0

Action                   |  1- 3 |  4- 6 |  7- 9 || total
-------------------------+-------+-------+-------++-------
Melee: Dagger            |    71 |    85 |    26 ||   182
Throw: Stone             |    12 |     5 |       ||    17
       Dart              |       |     3 |    26 ||    29
 Cast: Ensorcelled Hiber |    17 |    31 |    14 ||    62
       Confusing Touch   |     2 |     5 |     4 ||    11
  Use: Scroll            |     1 |     1 |     2 ||     4
       Potion            |       |     1 |     2 ||     3
 Stab: Sleeping          |    26 |    25 |     8 ||    59
       Confused          |       |     4 |     3 ||     7
Armor: Robe              |     7 |     5 |     2 ||    14
Dodge: Dodged            |    49 |    73 |    30 ||   152
